 Dungeon Crawl Stone Soup version 0.21.1-1-g345015f (webtiles) character file.

36 tyranidshit the Skirmisher (level 3, -12/30 HPs)
             Began as a Demonspawn Abyssal Knight on July 27, 2018.
             Was a Follower of Lugonu.
             Mangled by a tentacled starspawn (21 damage)
             ... on level 2 of the Abyss.
             The game lasted 00:01:13 (120 turns).

tyranidshit the Skirmisher (DsAK)                    Turns: 120, Time: 00:01:13

Health: -12/30     AC:  3    Str: 13    XL:     3   Next: 19%
Magic:  5/5        EV: 11    Int: 13    God:    Lugonu [*.....]
Gold:   26         SH:  0    Dex: 12    Spells: 2/2 levels left

rFire    . . .     SeeInvis .   a - +1 hand axe
rCold    . . .     Gourm    .   (no shield)
rNeg     . . .     Faith    .   b - +0 leather armour
rPois    .         Spirit   .   (helmet restricted)
rElec    .         Reflect  .   (no cloak)
rCorr    .         Harm     .   (no gloves)
MR       .....                  (no boots)
Stlth    +.........             (no amulet)
HPRegen  0.00/turn              (no ring)
MPRegen  0.09/turn              (no ring)

@: non-regenerating, diseased
A: antennae 1
a: Depart the Abyss, Renounce Religion


You were on level 2 of the Abyss.
You worshipped Lugonu.
Lugonu was aware of your devotion.
You were not hungry.

You visited 0 branches of the dungeon, and saw 0 of its levels.
You visited the Abyss 1 time.

You collected 26 gold pieces.

Inventory:

Hand Weapons
 a - a +1 hand axe (weapon)
Armour
 b - a +0 leather armour (worn)
Comestibles
 c - 2 rations


   Skills:
 + Level 3.8 Fighting
 + Level 2.2 Axes
 + Level 2.0 Armour
 + Level 0.9 Dodging
 + Level 2.6 Invocations


You had 2 spell levels left.
You didn't know any spells.

Dungeon Overview and Level Annotations

Branches:
Dungeon (0/15)

Altars:


Innate Abilities, Weirdness & Mutations

You have a pair of small antennae on your head.


Message History

Your large abomination hits the tentacled starspawn!
The tentacled starspawn bites your large abomination!
Your large abomination is destroyed!
Tentacles burst from the starspawn's body! 2 starspawn tentacles come into view.
The starspawn tentacle grabs you. The starspawn tentacle constricts you.
You escape the starspawn tentacle's grasp.
A wraith comes into view.
The starspawn tentacle grabs you. The starspawn tentacle constricts you.
The starspawn tentacle loses its grip on you.
The tentacle pulls you backwards! The starspawn tentacle grabs you.
* * * LOW HITPOINT WARNING * * *
The starspawn tentacle constricts you.
A starspawn tentacle segment comes into view.
You can't go down here!
Unknown command.
You escape the starspawn tentacle's grasp.
The tentacled starspawn bites you!!
Ouch! That really hurt!
You die...

. #.# .##..# # .....#.# ##
.. ##.... .# . .
......##.### # . #.
$...#.. .....## . #
#.#....#.##...####.. # . .
#...###...####...# # .#
##..#..@#.#..... ####. ..
..........WX..............
. .
....................... .
#.. ...##..#.....#.....#.
# .... #.###...###...##
....#.....#.....# # .
.....##.####.##### .
...........###...## . . ..
... .....#.....#.#


You could see a tentacled starspawn and a wraith.

Vanquished Creatures (collateral kills)
  2 small abominations (Abyss:2)
2 creatures vanquished.

Vanquished Creatures (others)
  3 starspawn tentacles (Abyss:2)
3 creatures vanquished.

Grand Total: 5 creatures vanquished

Notes
Turn   | Place    | Note
-------+----------+-------------------------------------------
     0 | Abyss:1  | tyranidshit the Demonspawn Abyssal Knight began the quest for the Orb.
     0 | Abyss:1  | Reached XP level 1. HP: 18/18 MP: 2/2
    65 | Abyss:2  | Noticed a small abomination
    68 | Abyss:2  | Noticed a small abomination
    81 | Abyss:2  | Killed a small abomination
    81 | Abyss:2  | Gained mutation: You have a pair of small antennae on your head. [demonic ancestry]
    81 | Abyss:2  | Reached XP level 2. HP: 14/24 MP: 3/3
    93 | Abyss:2  | Killed a small abomination
    93 | Abyss:2  | Reached XP level 3. HP: 18/30 MP: 3/5
    96 | Abyss:2  | Noticed a tentacled starspawn
   117 | Abyss:2  | Noticed a wraith
   120 | Abyss:2  | Mangled by a tentacled starspawn

Skill      XL: |  1  2 |
---------------+-------+-----
Axes           | 2 |  2.2
Armour         | 2 |  2.0
Fighting       | |  3.8
Dodging        | |  0.9
Invocations    | |  2.6

Action                   || total
-------------------------++-------
  Use: Scroll            ||     1
Dodge: Dodged            ||     1
